 Dungeon Crawl Stone Soup version 0.20.0-15-g7f486f2 (webtiles) character file.

526 Chiseanne the Magician (level 7, -8/46 HPs)
             Began as a Demonspawn Wizard on June 14, 2017.
             Splashed by Ijyb's acid (13 damage)
             ... on level 3 of the Dungeon.
             The game lasted 00:08:32 (5064 turns).

Chiseanne the Magician (Demonspawn Wizard)          Turns: 5064, Time: 00:08:33

Health: -8/46      AC: -2    Str:  8    XL:     7   Next: 2%
Magic:  0/15       EV: 12    Int: 21    God:
Gold:   226        SH:  0    Dex: 11    Spells: 8/17 levels left

rFire    . . .     SeeInvis .   e - +0 spear
rCold    + . .     Gourm    .   (no shield)
rNeg     . . .     Faith    .   a - +0 robe
rPois    .         Spirit   +   b - +0 hat
rElec    .         Reflect  .   (no cloak)
rCorr    .         Harm     .   (no gloves)
MR       .....                  (no boots)
Stlth    ++........             (no amulet)
Regen    0.2/turn               (no ring)
MPRegen  0.2/turn               (no ring)

@: corroded
A: talons 2, cold resistance 1, magic shield, freezing cloud immunity
a: no special abilities


You were on level 3 of the Dungeon.
You were not hungry.

You visited 1 branch of the dungeon, and saw 4 of its levels.

You collected 226 gold pieces.

Inventory:

Hand Weapons
 e - a +0 spear (weapon)
Missiles
 i - 3 javelins (quivered)
 m - 30 poisoned needles
 n - 24 sling bullets
 o - 10 arrows
Armour
 a - a +0 robe (worn)
 b - a +0 hat (worn)
Jewellery
 f - an uncursed ring of stealth {unknown}
 v - an uncursed amulet of magic regeneration {unknown}
Potions
 h - a potion of mutation {unknown}
 k - 3 potions of brilliance {unknown}
 l - 2 potions of cancellation {unknown}
 p - a potion of agility {unknown}
 r - 2 potions of flight {unknown}
 s - a potion of haste {unknown}
 t - a potion of might {unknown}
Comestibles
 c - 5 fruits
 d - 3 bread rations
 g - 6 chunks of flesh
 j - 3 royal jellies
 q - a meat ration


   Skills:
 - Level 1.7 Dodging
 - Level 1.7 Stealth
 * Level 5.7 Spellcasting
 * Level 5.1 Conjurations
   Level 1.0 Summonings
 - Level 0.8 Translocations


You had 8 spell levels left.
You knew the following spells:

 Your Spells              Type           Power        Failure   Level  Hunger
a - Magic Dart            Conj           ####         1%          1    None
b - Blink                 Tloc           N/A          11%         2    None
c - Conjure Flame         Conj/Fire      ###.....     11%         3    ##.....
d - Mephitic Cloud        Conj/Pois/Air  ##......     16%         3    ##.....


Dungeon Overview and Level Annotations

Branches:
Dungeon (4/15)
 Temple: D:4-7

Altars:
Dithmenos
Makhleb
Qazlal
Sif Muna
Xom

Annotations:
D:3 Ijyb


Innate Abilities, Weirdness & Mutations

You have razor-sharp toenails.
Your flesh is cold resistant. (rC+)
When hurt, damage is shared between your health and your magic reserves.
You are immune to freezing clouds.


Message History

Ijyb is almost dead.
Ijyb closely misses you.
You barely miss Ijyb.
Ijyb is almost dead.
Ijyb closely misses you.
You barely miss Ijyb.
Ijyb is almost dead.
Ijyb closely misses you.
You hit Ijyb.
Ijyb is almost dead.
Ijyb hits you.
You barely miss Ijyb.
Ijyb is almost dead.
Ijyb hits you.
You closely miss Ijyb. Your kick misses Ijyb.
Ijyb is almost dead.
Ijyb zaps a wand.
The bolt of acid hits you!
* * * LOW HITPOINT WARNING * * *
The acid corrodes you!
You are splashed with acid!
The acid burns!
You die...

.... ... ..
.##### #....#
#.# #.# #g#
#@# #.# #.#
#.# #)# #.#
#.#
#.############
#.....>.......


You could see Ijyb.

Vanquished Creatures
  An ogre (D:4)
  2 big kobolds
  A scorpion (D:3)
  A howler monkey (D:4)
  An orc priest (D:4)
  An orc wizard (D:4)
  3 gnolls
  3 adders
  2 worms (D:2)
  2 dart slugs
  3 leopard geckos (D:1)
  4 orcs
  A ball python (D:1)
  A giant cockroach (D:1)
  15 goblins
  9 hobgoblins
  33 kobolds
  A quokka (D:2)
  10 bats
  3 frilled lizards
  9 rats
106 creatures vanquished.

Notes
Turn   | Place    | Note
-------+----------+-------------------------------------------
     0 | D:1      | Chiseanne the Demonspawn Wizard began the quest for the Orb.
     0 | D:1      | Reached XP level 1. HP: 13/13 MP: 4/4
   254 | D:1      | Gained mutation: Your flesh is cold resistant. (rC+) [demonic ancestry]
   254 | D:1      | Reached XP level 2. HP: 19/19 MP: 1/6
   805 | D:1      | Gained mutation: When hurt, damage is shared between your health and your magic reserves. [demonic ancestry]
   805 | D:1      | Reached XP level 3. HP: 24/24 MP: 2/8
  1608 | D:2      | Learned a level 2 spell: Blink
  1612 | D:2      | Learned a level 3 spell: Conjure Flame
  1616 | D:2      | Learned a level 3 spell: Mephitic Cloud
  1749 | D:2      | Found a burning altar of Makhleb.
  1750 | D:2      | Found a shimmering altar of Xom.
  1752 | D:2      | Found a stormy altar of Qazlal.
  1783 | D:2      | Gained mutation: You have sharp toenails. [demonic ancestry]
  1783 | D:2      | Reached XP level 4. HP: 30/30 MP: 4/9
  2054 | D:2      | Found a deep blue altar of Sif Muna.
  2057 | D:2      | Found a shadowy altar of Dithmenos.
  2296 | D:3      | Gained mutation: You have razor-sharp toenails. [demonic ancestry]
  2296 | D:3      | Reached XP level 5. HP: 4/35 MP: 0/11
  2952 | D:4      | Noticed an ogre
  2959 | D:4      | Killed an ogre
  3816 | D:4      | Reached skill level 5 in Spellcasting
  3816 | D:4      | Gained mutation: You are immune to freezing clouds. [demonic ancestry]
  3816 | D:4      | Reached XP level 6. HP: 33/41 MP: 4/13
  4328 | D:4      | Reached skill level 5 in Conjurations
  4830 | D:4      | Reached XP level 7. HP: 46/46 MP: 4/15
  5036 | D:3      | Noticed Ijyb
  5064 | D:3      | Splashed by Ijyb's acid

Skill      XL: |  1  2  3  4  5  6 |
---------------+-------------------+-----
Conjurations   | 2 3 4 5 |  5.1
Spellcasting   | 4 5 |  5.7
Dodging        | |  1.7
Stealth        | |  1.7
Summonings     | |  1.0
Translocations | |  0.8

Action                   |  1- 3 |  4- 6 |  7- 9 || total
-------------------------+-------+-------+-------++-------
Melee: Spear             |    10 |    61 |    13 ||    84
       Kick              |       |     8 |     4 ||    12
 Cast: Magic Dart        |    89 |   163 |    19 ||   271
       Mephitic Cloud    |       |     5 |     1 ||     6
       Conjure Flame     |       |     1 |       ||     1
       Blink             |       |     2 |       ||     2
  Use: Scroll            |     1 |     4 |       ||     5
       Potion            |       |     1 |       ||     1
 Stab: Sleeping          |     1 |       |       ||     1
       Confused          |       |     3 |     2 ||     5
  Eat: Chunk             |     2 |    10 |     1 ||    13
Armor: Robe              |     1 |    16 |       ||    17
Dodge: Dodged            |    12 |    80 |     5 ||    97
